[Event "Titled Tuesday Blitz March 07 Early 2023"]
[White "Costachi, Mihnea"]
[Black "Colas, Joshua"]
[WhiteFideId "1217518"]
[BlackFideId "2044447"]
[WhiteElo "2456"]
[BlackElo "2347"]
[Result "1/2-1/2"]
[Round "07"]
[TimeControl "180+2"]
[Date "2023.03.07"]
[WhiteClock "0:00:07"]
[BlackClock "0:00:08"]

1. Nc3 c6 2. d4 d5 3. Bf4 Bf5 4. e3 Nf6 5. Bd3 e6 6. Nf3 Bd6 7. Ne5 Bxd3 8. Qxd3 Qc7 9. Bg3 Nh5 10. Nf3 Nxg3 11. hxg3 h6 12. e4 Nd7 13. exd5 cxd5 14. Ne2 O-O 15. c3 b5 16. g4 Qc4 17. Qc2 f6 18. Qg6 Rfe8 19. Nd2 Qc7 20. O-O b4 21. Rac1 bxc3 22. Rxc3 Qb7 23. Nb3 Nf8 24. Qd3 e5 25. dxe5 fxe5 26. Na5 Qf7 27. Rc6 e4 28. Qe3 Be5 29. Nd4 Ne6 30. Nxe6 Rxe6 31. Rxe6 Qxe6 32. Nb3 Bxb2 33. Rd1 Be5 34. g5 hxg5 35. Qxg5 Qd6 36. Nd4 Rf8 37. Nf5 Qf6 38. Ne7+ Kf7 39. Qxf6+ gxf6 40. Nxd5 Rb8 41. Ne3 Rb2 42. a4 Ra2 43. g4 Ke6 44. Nf5 Rxa4 45. Rd8 a5 46. Re8+ Kd5 47. Rd8+ Kc6 48. Re8 Ra1+ 49. Kg2 a4 50. Ne3 a3 51. Ra8 Bb2 52. Nc4 Rc1 53. Nxa3 Ra1 54. Rc8+ Kb7 55. Re8 Rxa3 56. Rxe4 Be5 57. f4 Ra2+ 58. Kf3 Ra3+ 59. Kg2 Bc3 60. g5 f5 61. Re7+ Kc6 62. Rf7 Ra5 63. g6 Kd6 64. g7 Bxg7 65. Rxg7 Kd5 66. Re7 Kd4 67. Kg3 Ra1 68. Re5 Rg1+ 69. Kf2 Rg4 70. Kf3 Rg1 71. Rxf5 Rf1+ 72. Kg2 Ra1 73. Re5 Ra3 74. Kf2 Rb3 75. Re2 Kd5 76. Kg2 Kd6 77. Kf2 Ra3 78. Kg2 Rb3 79. Kf2 Ra3 80. Kg2 Rb3 1/2-1/2


[Site "https://www.chess.com"]

[Event "Titled Tuesday Blitz March 07 Early 2023"]
[White "Lorparizangeneh, Shahin"]
[Black "Domingo Nunez, Ruben"]
[WhiteFideId "12521604"]
[BlackFideId "22245570"]
[WhiteElo "2526"]
[BlackElo "2404"]
[Result "1-0"]
[Round "07"]
[TimeControl "180+2"]
[Date "2023.03.07"]
[WhiteClock "0:00:22"]
[BlackClock "0:00:02"]

1. Nf3 g6 2. g3 Bg7 3. Bg2 Nf6 4. b3 O-O 5. Bb2 d6 6. d4 Nbd7 7. O-O c5 8. c4 Rb8 9. Nc3 a6 10. dxc5 Nxc5 11. Nd4 Bd7 12. Rc1 b5 13. b4 Ne6 14. cxb5 Nxd4 15. Qxd4 Ng4 16. Qd2 Ne5 17. bxa6 Nc4 18. Qc2 Rxb4 19. Ba1 Na3 20. Qd3 Rd4 21. Qe3 Nc4 22. Qf3 Nd2 23. Qb7 Bc8 24. Qb5 Nxf1 25. Kxf1 Bd7 26. Qb7 Rc4 27. a7 d5 28. Bxd5 Bh3+ 29. Kg1 Rc7 30. a8=Q Qd7 31. Qxf8+ Bxf8 32. Qb3 e6 33. Bg2 Bxg2 34. Kxg2 Qc6+ 35. e4 Bg7 36. Nd5 Qxc1 37. Qb8+ Rc8 38. Ne7+ Kf8 39. Nxc8 Bxa1 40. Nd6+ Kg7 41. Qb7 Kf6 42. Qxf7+ Ke5 43. Qe7 Kd4 44. Qxe6 Kd3 45. Qd5+ Ke2 46. Qc4+ Qxc4 47. Nxc4 Kd3 48. Nd6 Be5 49. Nf7 Bc7 50. e5 Ke4 51. e6 Bd6 52. Nxd6+ 1-0


[Site "https://www.chess.com"]

[Event "Titled Tuesday Blitz March 07 Early 2023"]
[White "Vlassov, Nikolai"]
[Black "Hambleton, Aman"]
[WhiteFideId "4103360"]
[BlackFideId "2606577"]
[WhiteElo "2324"]
[BlackElo "2511"]
[Result "1/2-1/2"]
[Round "07"]
[TimeControl "180+2"]
[Date "2023.03.07"]
[WhiteClock "0:00:32"]
[BlackClock "0:00:16"]

1. e4 c5 2. c3 Nf6 3. e5 Nd5 4. d4 cxd4 5. cxd4 d6 6. Bc4 e6 7. Nf3 Nc6 8. O-O Nb6 9. Bb3 dxe5 10. dxe5 Qxd1 11. Rxd1 Na5 12. Nc3 Bd7 13. Nd4 Nxb3 14. axb3 a6 15. Be3 Rc8 16. Rd2 Bb4 17. Rad1 Nd5 18. Nde2 Bc6 19. Bd4 O-O 20. f4 h5 21. Kf2 Rfd8 22. Rd3 Ne7 23. Bb6 Rxd3 24. Rxd3 Nd5 25. Bd4 g6 26. g3 Kf8 27. h3 Ke8 28. g4 hxg4 29. hxg4 Kd7 30. f5 gxf5 31. gxf5 Rh8 32. Kg3 Rg8+ 33. Kf2 Kc8 34. fxe6 fxe6 35. Ne4 Rf8+ 36. Nf6 Nxf6 37. exf6 Bb5 38. Re3 Kd7 39. Nf4 Bd2 40. Ng6 Bxe3+ 41. Kxe3 Rf7 42. Ne5+ Ke8 43. Nxf7 Kxf7 44. Kf4 Bc6 45. Ke5 Bd5 46. b4 Bc6 47. Kd6 Bb5 48. Kc7 Bc6 49. Kb6 Bd5 50. Be5 Kg6 51. b5 axb5 52. Kxb5 Kf7 53. Kc5 Bc6 54. b4 Bd5 55. b5 Bh1 56. Kd6 Bg2 57. b6 Bh1 58. Kd7 Bg2 59. Kd6 Bh1 60. Kd7 Bg2 61. Kd6 1/2-1/2


[Site "https://www.chess.com"]

[Event "Titled Tuesday Blitz March 07 Early 2023"]
[White "Lortkipanidze, Nodar"]
[Black "Odegov, Artem"]
[WhiteFideId "13604058"]
[BlackFideId "34183644"]
[WhiteElo "2336"]
[BlackElo "2300"]
[Result "1-0"]
[Round "07"]
[TimeControl "180+2"]
[Date "2023.03.07"]
[WhiteClock "0:02:15"]
[BlackClock "0:00:07"]

1. e4 e6 2. Qe2 c5 3. g3 Nc6 4. c3 g6 5. Bg2 Bg7 6. f4 Nge7 7. Nf3 O-O 8. O-O d5 9. d3 b6 10. a4 Ba6 11. Rd1 dxe4 12. Qxe4 Qc7 13. Na3 Rad8 14. Nb5 Qc8 15. Ne5 Bb7 16. Nxa7 Nxa7 17. Qxb7 Qxb7 18. Bxb7 Bxe5 19. fxe5 Nac6 20. Bg5 Rd7 21. Bxe7 Nxe7 22. Be4 Rfd8 23. Kf2 Kg7 24. a5 bxa5 25. Rxa5 Rb8 26. Rd2 c4 27. d4 Nd5 28. Bxd5 exd5 29. Ke3 Kf8 30. Rf2 Ke7 31. h4 h5 32. Kf4 Rdb7 33. Rxd5 Rxb2 34. Rxb2 Rxb2 35. Rc5 Rf2+ 36. Ke3 Rg2 37. Kf3 Ra2 38. Rxc4 Ke6 39. Rc6+ Kd5 40. Rc5+ Ke6 41. c4 Rd2 42. Rc6+ Ke7 43. Ke4 Rg2 44. Kf3 Rd2 45. d5 Rd4 46. e6 fxe6 47. Rxe6+ Kf7 48. Re4 Rd1 49. Kf4 Kf6 50. Re6+ Kf7 51. Ke5 Rg1 52. c5 Rxg3 53. c6 g5 54. c7 Rc3 55. Rc6 Re3+ 56. Kf5 Re8 57. c8=Q Rxc8 58. Rxc8 gxh4 59. Rh8 h3 60. Rxh5 h2 61. Rxh2 Kg7 62. Re2 Kh8 63. d6 Kg7 64. d7 Kh7 65. d8=Q Kh6 66. Re6+ Kg7 67. Qd7+ Kh8 68. Re8# 1-0


[Site "https://www.chess.com"]

[Event "Titled Tuesday Blitz March 07 Early 2023"]
[White "Melikyan, Gnel"]
[Black "Aradhya, Garg"]
[WhiteFideId "54109990"]
[BlackFideId "25006746"]
[WhiteElo "2138"]
[BlackElo "2263"]
[Result "0-1"]
[Round "07"]
[TimeControl "180+2"]
[Date "2023.03.07"]
[WhiteClock "0:00:11"]
[BlackClock "0:00:15"]

1. e4 e5 2. Nf3 Nc6 3. d4 exd4 4. Nxd4 Nf6 5. Nxc6 bxc6 6. e5 Qe7 7. Qe2 Nd5 8. c4 Nb6 9. Nc3 Qe6 10. Qe4 g6 11. Bd3 Bg7 12. O-O O-O 13. Bf4 Ba6 14. b3 d5 15. cxd5 cxd5 16. Qe2 Bxd3 17. Qxd3 c6 18. Rfe1 Rfe8 19. Bg3 f6 20. f4 fxe5 21. fxe5 Rad8 22. Ne2 Bxe5 23. Nd4 Qd6 24. Rxe5 Rxe5 25. Nxc6 Qc5+ 26. Kh1 Re3 27. Qxe3 Qxe3 28. Nxd8 d4 29. Re1 Qc3 30. Re8+ Kg7 31. Be5+ Kh6 32. h3 Qe1+ 33. Kh2 Qf2 34. Ne6 g5 35. Bg7+ Kg6 36. Bxd4 Qf7 37. Nf8+ Kh5 38. Nxh7 Qf4+ 39. g3 Qxd4 40. Re6 Qf2+ 41. Kh1 Qf3+ 42. Kh2 Qf2+ 43. Kh1 Qxg3 44. Nf6+ Kh4 45. Re4+ Kxh3 0-1


[Site "https://www.chess.com"]

[Event "Titled Tuesday Blitz March 07 Early 2023"]
[White "Wagner, Dennis"]
[Black "Perez Gormaz, Matias"]
[WhiteFideId "24650684"]
[BlackFideId "3406342"]
[WhiteElo "2470"]
[BlackElo "2362"]
[Result "1-0"]
[Round "07"]
[TimeControl "180+2"]
[Date "2023.03.07"]
[WhiteClock "0:00:10"]
[BlackClock "0:00:04"]

1. Nf3 d5 2. e3 Nf6 3. c4 e6 4. Nc3 Be7 5. b3 O-O 6. Bb2 b6 7. cxd5 Nxd5 8. h4 Bb7 9. Qb1 Nd7 10. Ng5 N5f6 11. Bd3 h6 12. Nce4 Nxe4 13. Bxe4 Bxe4 14. Qxe4 Bxg5 15. hxg5 Nc5 16. Qc2 Qd3 17. Qc3 Qxc3 18. Bxc3 hxg5 19. Ke2 f6 20. Bb4 Rfd8 21. Bxc5 bxc5 22. Rac1 Rd5 23. Rc3 Rad8 24. d3 R8d7 25. Rd1 Kf7 26. Rd2 f5 27. Rc4 Kf6 28. Ra4 c6 29. Ra6 R5d6 30. Rc2 Rxd3 31. Rxc6 R3d5 32. R6xc5 Rxc5 33. Rxc5 g4 34. Ra5 g5 35. b4 e5 36. Ra6+ Kf7 37. b5 f4 38. a4 Rc7 39. Kd3 Rd7+ 40. Ke4 g3 41. fxg3 fxe3 42. Kxe3 Rd4 43. Rxa7+ Kf6 44. b6 Rb4 45. a5 Kf5 46. Rf7+ Kg4 47. Rf6 Kxg3 48. a6 Rb3+ 49. Ke4 Ra3 50. b7 g4 51. b8=Q 1-0


[Site "https://www.chess.com"]

[Event "Titled Tuesday Blitz March 07 Early 2023"]
[White "Jimenez Almeida, Luis David"]
[Black "Weetik, Vjacheslav"]
[WhiteFideId "22242244"]
[BlackFideId "4153472"]
[WhiteElo "2245"]
[BlackElo "2469"]
[Result "0-1"]
[Round "07"]
[TimeControl "180+2"]
[Date "2023.03.07"]
[WhiteClock "0:00:02"]
[BlackClock "0:00:04"]

1. e4 c6 2. Nc3 d5 3. Qf3 Nf6 4. e5 Nfd7 5. d4 e6 6. Nh3 h6 7. Nf4 c5 8. dxc5 Nxe5 9. Qg3 Nbc6 10. Bb5 Qg5 11. Be3 Bd7 12. O-O-O O-O-O 13. a3 d4 14. Bxd4 Nxd4 15. Rxd4 Bxc5 16. Bxd7+ Nxd7 17. Rd2 Nf6 18. Rhd1 Qxg3 19. hxg3 a6 20. Nd3 Bd6 21. Re2 Rd7 22. Na4 Kc7 23. Nac5 Re7 24. Ne4 Nxe4 25. Rxe4 Rd8 26. Rc4+ Kb8 27. Ne5 Bc7 28. Rxd8+ Bxd8 29. Nd3 Bb6 30. Kd2 e5 31. Re4 f6 32. f4 Bc7 33. f5 Bb6 34. Ke2 Rc7 35. c4 Rd7 36. Nb4 Bd4 37. b3 Bb2 38. a4 Bc1 39. Nd5 Bg5 40. Kf3 Ka7 41. a5 h5 42. b4 Kb8 43. b5 axb5 44. Nb6 Rd3+ 45. Ke2 Rd2+ 46. Kf3 b4 47. c5 b3 48. Rb4 b2 49. Nc4 Rd3+ 50. Ke2 Rc3 51. Nxb2 Rxc5 52. Nd3 Rxa5 53. Kf3 Kc7 54. Ke4 Kc6 55. Rc4+ Kd6 56. Rb4 b5 57. Rb1 Ra4+ 58. Kf3 Ra3 59. Ke2 Ra2+ 60. Kf3 Ke7 61. Rxb5 Ra3 62. Ke4 Ra4+ 63. Kd5 Rd4+ 64. Kc5 Rxd3 65. Rb7+ Kf8 66. Rb8+ Kf7 67. Rb7+ Kg8 68. Rb8+ Kh7 69. Rb7 Rxg3 70. Kd5 Rxg2 71. Ke6 e4 72. Kf7 Bh6 73. Rb4 e3 74. Rb8 e2 75. Rg8 h4 76. Kf8 g5+ 77. Kf7 h3 78. Rg7+ Bxg7 79. Ke8 e1=Q+ 80. Kf7 Qb4 0-1


[Site "https://www.chess.com"]

[Event "Titled Tuesday Blitz March 07 Early 2023"]
[White "Klabis, Rokas"]
[Black "Yelisieiev, Yevhenii"]
[WhiteFideId "12805246"]
[BlackFideId "14139642"]
[WhiteElo "2288"]
[BlackElo "2447"]
[Result "1-0"]
[Round "07"]
[TimeControl "180+2"]
[Date "2023.03.07"]
[WhiteClock "0:00:49"]
[BlackClock "0:00:03"]

1. e4 d6 2. d4 Nf6 3. Nc3 e5 4. dxe5 dxe5 5. Qxd8+ Kxd8 6. Be3 c6 7. f3 b5 8. g4 Nbd7 9. Nh3 Bc5 10. Kf2 Ke7 11. a4 b4 12. Na2 a5 13. Nc1 Bxe3+ 14. Kxe3 Nc5 15. Bc4 Be6 16. Bxe6 Nxe6 17. Ne2 Nd7 18. Rhd1 Ndc5 19. Nf2 Rhd8 20. b3 f6 21. h4 g6 22. Rac1 Rxd1 23. Rxd1 Rd8 24. Rxd8 Kxd8 25. Nd3 Ke7 26. Nxc5 Nxc5 27. Nc1 Kd6 28. f4 Ne6 29. fxe5+ fxe5 30. Ne2 Kc5 31. h5 gxh5 32. gxh5 h6 33. Ng3 Ng7 34. Nf5 Nxh5 35. Nxh6 Nf4 36. Nf7 Ng6 37. Kd3 Nf4+ 38. Ke3 Ng6 39. Nd8 Nf4 40. Nb7+ Kb6 41. Nd6 Ng6 42. Nc4+ Kc5 43. Nxa5 Nf8 44. Nc4 Nd7 45. Kd3 Nf6 46. Nxe5 Nh5 47. Ke3 Ng3 48. Nd3+ Kd6 49. Nxb4 Nf1+ 50. Kd3 Ng3 51. a5 Kc5 52. c3 Kb5 53. a6 Kb6 54. a7 Kxa7 55. Nxc6+ Kb6 56. Nd4 Nh5 57. e5 Kc5 58. Ke4 Ng3+ 59. Kf4 Nf1 60. e6 Kd6 61. Kf5 Ne3+ 62. Kf6 Nd5+ 63. Kf7 Nxc3 64. e7 Kd5 65. Nf5 Ke5 66. Kg6 1-0


[Site "https://www.chess.com"]

[Event "Titled Tuesday Blitz March 07 Early 2023"]
[White "Petrosian, Karlen"]
[Black "Fiorito, Joaquin"]
[WhiteFideId "4176146"]
[BlackFideId "180173"]
[WhiteElo "2345"]
[BlackElo "2157"]
[Result "0-1"]
[Round "07"]
[TimeControl "180+2"]
[Date "2023.03.07"]
[WhiteClock "0:01:21"]
[BlackClock "0:01:55"]

1. e4 c6 2. Nf3 d5 3. d3 g6 4. c3 Bg7 5. Nbd2 e5 6. Be2 Ne7 7. O-O O-O 8. a4 Nd7 9. a5 a6 10. Re1 h6 11. Nf1 Nc5 12. b4 dxe4 13. bxc5 exf3 14. Bxf3 e4 15. Bxe4 Bxc3 16. Bxh6 Re8 17. Re3 Nf5 18. Bxf5 Bxf5 19. Rxe8+ Qxe8 20. Rb1 Qd7 21. Qb3 Qxd3 22. Qxb7 Qxb1 23. Qxa8+ Kh7 24. Qf8 Bd3 25. Qxf7+ Kxh6 26. Qf4+ g5 27. Qf8+ Bg7 28. Qd6+ Kh7 0-1


[Site "https://www.chess.com"]

[Event "Titled Tuesday Blitz March 07 Early 2023"]
[White "Crevatin, Leo"]
[Black "Korchmar, Vasiliy"]
[WhiteFideId "1726307"]
[BlackFideId "24131750"]
[WhiteElo "2190"]
[BlackElo "2370"]
[Result "1-0"]
[Round "07"]
[TimeControl "180+2"]
[Date "2023.03.07"]
[WhiteClock "0:01:11"]
[BlackClock "0:00:19"]

1. d4 d5 2. c4 c6 3. Nf3 Nf6 4. Qc2 dxc4 5. e4 b5 6. b3 cxb3 7. axb3 e6 8. Bd3 a5 9. O-O Na6 10. Qe2 Nb4 11. Rd1 Nxd3 12. Qxd3 Be7 13. Nc3 O-O 14. Bg5 h6 15. Bh4 Nd7 16. Bxe7 Qxe7 17. d5 cxd5 18. exd5 b4 19. Nb5 exd5 20. Qxd5 Nb6 21. Qd4 Ra6 22. Ne5 Be6 23. Nc6 Qg5 24. Nc7 Rfa8 25. Nxa6 Rxa6 26. Nb8 Bd5 27. f3 Ra8 28. Qxb6 Bxf3 29. Qd8+ 1-0


[Site "https://www.chess.com"]

[Event "Titled Tuesday Blitz March 07 Early 2023"]
[White "Strahov, Andrej"]
[Black "Kowalczyk, Pawel"]
[WhiteFideId "4165489"]
[BlackFideId "1130641"]
[WhiteElo "2589"]
[BlackElo "2324"]
[Result "1-0"]
[Round "07"]
[TimeControl "180+2"]
[Date "2023.03.07"]
[WhiteClock "0:01:32"]
[BlackClock "0:00:33"]

1. e4 c5 2. Nf3 e6 3. d4 cxd4 4. Nxd4 Qb6 5. Nb3 Qc7 6. Be3 Nf6 7. Bd3 d5 8. N1d2 Bd6 9. h3 O-O 10. O-O Nc6 11. c4 dxe4 12. Nxe4 Nxe4 13. Bxe4 f5 14. Bd3 f4 15. c5 Be5 16. Bd2 f3 17. g4 Bxb2 18. Bxh7+ Kh8 19. Qc2 Bxa1 20. Rxa1 e5 21. Bg6 Be6 22. Qe4 Rad8 23. g5 Rf4 24. Bxf4 exf4 25. Qxe6 Ne5 26. Re1 Nc6 27. Qe8+ 1-0


[Site "https://www.chess.com"]

[Event "Titled Tuesday Blitz March 07 Early 2023"]
[White "Aldokhin, Ivan"]
[Black "Ilinca Ilinca, Felix Antonio"]
[WhiteFideId "24115720"]
[BlackFideId "54764998"]
[WhiteElo "2322"]
[BlackElo "2031"]
[Result "1-0"]
[Round "07"]
[TimeControl "180+2"]
[Date "2023.03.07"]
[WhiteClock "0:00:25"]
[BlackClock "0:00:16"]

1. e4 c5 2. Nf3 e6 3. d4 cxd4 4. Nxd4 Nf6 5. Nc3 Nc6 6. Nxc6 bxc6 7. Bd3 d5 8. Qe2 Be7 9. O-O O-O 10. Bf4 a5 11. Rad1 a4 12. a3 Qb6 13. Be5 Nd7 14. Bd4 Qxd4 15. exd5 Qe5 16. dxe6 Qxe6 17. Ne4 Nf6 18. Rfe1 Nxe4 19. Bxe4 Re8 20. Qf3 Qf6 21. Qxf6 Bxf6 22. Bxc6 Be6 23. Bxe8 Rxe8 1-0


[Site "https://www.chess.com"]

[Event "Titled Tuesday Blitz March 07 Early 2023"]
[White "Karthik Rajaa"]
[Black "Derjabin, Ilja"]
[WhiteFideId "25035215"]
[BlackFideId "14104768"]
[WhiteElo "2215"]
[BlackElo "2309"]
[Result "1-0"]
[Round "07"]
[TimeControl "180+2"]
[Date "2023.03.07"]
[WhiteClock "0:00:12"]
[BlackClock "0:00:07"]

1. Nf3 c5 2. c4 Nf6 3. Nc3 g6 4. e3 Bg7 5. b3 O-O 6. Bb2 d5 7. Nxd5 Nxd5 8. Bxg7 Kxg7 9. cxd5 Qxd5 10. d4 cxd4 11. Qxd4+ Qxd4 12. Nxd4 a6 13. Be2 e5 14. Nc2 Bf5 15. Nb4 a5 16. Nd5 Nc6 17. f3 Nb4 18. Nxb4 axb4 19. Bc4 Ra5 20. e4 Be6 21. Bxe6 fxe6 22. Rf1 Rfa8 23. Rf2 Ra3 24. Rb2 Kf6 25. Ke2 h5 26. h4 b5 27. Ke3 R3a7 28. Rc2 Rd8 29. Rc5 Rb8 30. g4 hxg4 31. fxg4 Rd7 32. Rf1+ Ke7 33. Rxe5 Rbd8 34. Rxb5 Rd3+ 35. Kf2 R3d4 36. Re1 Rd3 37. Rb7+ Kf6 38. e5# 1-0


[Site "https://www.chess.com"]

[Event "Titled Tuesday Blitz March 07 Early 2023"]
[White "Krstulovic, Alex"]
[Black "Matinian, Nikita"]
[WhiteFideId "760056"]
[BlackFideId "24129100"]
[WhiteElo "2311"]
[BlackElo "2422"]
[Result "1-0"]
[Round "07"]
[TimeControl "180+2"]
[Date "2023.03.07"]
[WhiteClock "0:00:58"]
[BlackClock "0:00:13"]

1. Nf3 Na6 2. d4 d6 3. e4 g6 4. Bc4 c6 5. Qe2 Nc7 6. O-O d5 7. exd5 cxd5 8. Bb5+ Nxb5 9. Qxb5+ Qd7 10. Nc3 Nf6 11. Ne5 Qxb5 12. Nxb5 Rb8 13. Nc7+ Kd8 14. Nxf7+ Kxc7 15. Bf4+ Kc6 16. Bxb8 Rg8 17. Bxa7 Bf5 18. Ne5+ Kc7 19. a4 Bh6 20. a5 Bf4 21. Rfe1 Ne4 22. f3 Nd6 23. g3 Bg5 24. h4 Bf6 25. Bb6+ Kb8 26. Bc5 h5 27. g4 hxg4 28. fxg4 Bc8 29. g5 Bh8 30. Bxd6+ exd6 31. Nf3 Rf8 32. Kg2 Bf5 33. c3 Be4 34. Rf1 Bg7 35. Kg3 Rh8 36. Rae1 Bf8 37. Nd2 Bf5 38. Re8+ Ka7 39. h5 Bd3 40. Rfxf8 1-0


[Site "https://www.chess.com"]

[Event "Titled Tuesday Blitz March 07 Early 2023"]
[White "Garakov, Mikhael"]
[Black "Preotu, Razvan"]
[WhiteFideId "4169034"]
[BlackFideId "2613280"]
[WhiteElo "2347"]
[BlackElo "2407"]
[Result "1-0"]
[Round "07"]
[TimeControl "180+2"]
[Date "2023.03.07"]
[WhiteClock "0:00:50"]
[BlackClock "0:00:02"]

1. e4 c5 2. Nf3 d6 3. d4 cxd4 4. Nxd4 Nf6 5. Nc3 a6 6. f4 e5 7. Nf3 Qc7 8. a4 Be7 9. Bd3 Nc6 10. O-O Nb4 11. Kh1 O-O 12. a5 Bd7 13. Be3 exf4 14. Bb6 Qc8 15. Nd4 d5 16. e5 Ng4 17. Rxf4 Nxe5 18. Bxh7+ Kxh7 19. Qh5+ Kg8 20. Qxe5 Re8 21. Raf1 Bf8 22. Qh5 g6 23. Qf3 Nc6 24. Rxf7 Ne5 25. Qxd5 Nxf7 26. Qxf7+ Kh8 27. Ne6 Qc4 28. Bd4+ Qxd4 29. Nxd4 1-0


[Site "https://www.chess.com"]

[Event "Titled Tuesday Blitz March 07 Early 2023"]
[White "Kokoszczynski, Jan"]
[Black "Martynov, Pavel"]
[WhiteFideId "1174460"]
[BlackFideId "4101260"]
[WhiteElo "2139"]
[BlackElo "2314"]
[Result "0-1"]
[Round "07"]
[TimeControl "180+2"]
[Date "2023.03.07"]
[WhiteClock "0:00:10"]
[BlackClock "0:01:20"]

1. d4 d5 2. c4 e6 3. Nc3 c5 4. cxd5 exd5 5. Nf3 Nc6 6. dxc5 d4 7. Na4 Bxc5 8. Nxc5 Qa5+ 9. Bd2 Qxc5 10. e3 dxe3 11. Bxe3 Qb4+ 12. Qd2 Qe7 13. Bb5 Nf6 14. O-O O-O 15. Bxc6 bxc6 16. Qc2 Re8 17. Rfe1 Bg4 18. Nd4 Bd7 19. h3 Rac8 20. Nb3 Nd5 21. Bxa7 Qg5 22. Qd2 Nf4 23. f3 Bxh3 24. Rxe8+ Rxe8 25. Be3 Rxe3 26. Rd1 Re8 27. Kh2 Bxg2 28. Qd7 Qh4+ 29. Kg1 Ne2+ 30. Kxg2 Qg3+ 31. Kh1 Qxf3+ 32. Kh2 Qf2+ 33. Kh1 Ng3# 0-1


[Site "https://www.chess.com"]

[Event "Titled Tuesday Blitz March 07 Early 2023"]
[White "Dudzinski, Pawel"]
[Black "Csonka, Balazs"]
[WhiteFideId "1117890"]
[BlackFideId "742910"]
[WhiteElo "2099"]
[BlackElo "2404"]
[Result "0-1"]
[Round "07"]
[TimeControl "180+2"]
[Date "2023.03.07"]
[WhiteClock "0:01:00"]
[BlackClock "0:00:49"]

1. e4 e5 2. Nf3 Nc6 3. d4 exd4 4. Nxd4 Qf6 5. Nxc6 Bc5 6. Qf3 bxc6 7. Bc4 Rb8 8. Nd2 d6 9. Nb3 Bb6 10. a4 a6 11. a5 Ba7 12. c3 Be6 13. Bxe6 Qxe6 14. Nd4 Bxd4 15. cxd4 Nf6 16. O-O O-O 17. Re1 Rb5 18. e5 dxe5 19. Rxe5 Rxe5 20. dxe5 Qxe5 21. Qxc6 Qe1# 0-1


[Site "https://www.chess.com"]

[Event "Titled Tuesday Blitz March 07 Early 2023"]
[White "Andreev, Konstantin"]
[Black "Martinez Ramirez, Lennis"]
[WhiteFideId "24239305"]
[BlackFideId "3509079"]
[WhiteElo "2106"]
[BlackElo "2439"]
[Result "0-1"]
[Round "07"]
[TimeControl "180+2"]
[Date "2023.03.07"]
[WhiteClock "0:00:01"]
[BlackClock "0:00:17"]

1. e4 c5 2. Nf3 d6 3. d4 cxd4 4. Nxd4 Nf6 5. Nc3 a6 6. h4 e5 7. Nb3 b5 8. a4 bxa4 9. Rxa4 Bb7 10. f3 Bc6 11. Ra1 a5 12. Be3 a4 13. Nd2 d5 14. exd5 Nxd5 15. Nxd5 Qxd5 16. Bc4 Qd7 17. Kf2 Be7 18. Qe2 O-O 19. Ne4 Kh8 20. Nc5 Qe8 21. h5 h6 22. Rhd1 f5 23. Ne6 f4 24. Bd2 Rf6 25. Nc7 Bc5+ 26. Kf1 Qxh5 27. Be3 fxe3 28. Rd8+ Rf8 29. Rxf8+ Bxf8 30. Qxe3 Qh1+ 31. Qg1 Qxg1+ 32. Kxg1 Bc5+ 33. Kf1 Ra7 34. Ne6 Nd7 35. Rd1 Be7 36. Rd3 e4 37. fxe4 Bxe4 38. Re3 Bxc2 39. Nd4 Nb6 40. Bb5 Bg6 41. Nc6 Bg5 42. Re6 Rf7+ 43. Ke1 Rf6 44. Re2 Nd5 0-1


[Site "https://www.chess.com"]

[Event "Titled Tuesday Blitz March 07 Early 2023"]
[White "Hernandez Gonzalez, William"]
[Black "Afanasieva, Alexandra"]
[WhiteFideId "3509915"]
[BlackFideId "34126926"]
[WhiteElo "2374"]
[BlackElo "1763"]
[Result "1-0"]
[Round "07"]
[TimeControl "180+2"]
[Date "2023.03.07"]
[WhiteClock "0:01:17"]
[BlackClock "0:00:02"]

1. e4 c5 2. Nf3 e6 3. g3 Nc6 4. Bg2 Nf6 5. Qe2 d5 6. exd5 Nxd5 7. O-O Be7 8. Rd1 O-O 9. d4 Qb6 10. c4 Nf6 11. d5 Nd4 12. Nxd4 cxd4 13. b3 Bc5 14. Bb2 exd5 15. cxd5 Bg4 16. Bf3 Rfe8 17. Qd3 Bxf3 18. Qxf3 Ne4 19. Nd2 Nxf2 20. Nc4 Nh3+ 21. Kg2 Qh6 22. Bxd4 Bxd4 23. Rxd4 Ng5 24. Qg4 f5 25. Qd1 Ne4 26. Qf3 Rad8 27. Rad1 Ng5 28. Qf2 Qh3+ 29. Kg1 Re4 30. d6 Nf7 31. d7 Ng5 32. Ne3 1-0


[Site "https://www.chess.com"]

[Event "Titled Tuesday Blitz March 07 Early 2023"]
[White "Sargissyan, Sargis"]
[Black "Zahid, Sanatan"]
[WhiteFideId "13303210"]
[BlackFideId "10201963"]
[WhiteElo "2109"]
[BlackElo "1865"]
[Result "1-0"]
[Round "07"]
[TimeControl "180+2"]
[Date "2023.03.07"]
[WhiteClock "0:00:08"]
[BlackClock "0:00:56"]

1. e4 e6 2. d4 d5 3. Nc3 Nf6 4. Bg5 Be7 5. e5 Nfd7 6. Bxe7 Qxe7 7. f4 Nb6 8. Nf3 Bd7 9. Bd3 c5 10. Nb5 Bxb5 11. Bxb5+ Nc6 12. O-O O-O-O 13. c3 Kb8 14. a4 a6 15. Bxc6 bxc6 16. a5 Nd7 17. b4 c4 18. Qc2 g6 19. Rae1 Rdg8 20. Rf2 Kc7 21. h3 h5 22. Ng5 Nf8 23. g3 Nh7 24. Nxh7 Rxh7 25. Ref1 Rgh8 26. Qb1 Qd8 27. Qc2 Qb8 28. Qb1 Rg8 29. Qc2 Rhg7 30. Qb1 Qf8 31. Qc2 f5 32. exf6 Qxf6 33. h4 Qf5 34. Qd2 Qg4 35. Kh2 Rf8 36. Re1 Re7 37. Re5 Rf5 38. Qe1 Kd7 39. Rfe2 Rxe5 40. Rxe5 Qf3 41. Re3 Qg4 42. Re5 Rg7 43. Kg2 g5 44. Rxg5 Rxg5 45. hxg5 h4 46. Kh2 Qf3 47. gxh4 Qxf4+ 48. Qg3 Qd2+ 49. Kh3 Qd3 50. h5 Qf1+ 51. Kh4 Qh1+ 52. Kg4 Qe4+ 53. Kh3 Qh1+ 54. Kg4 Qd1+ 55. Qf3 Qg1+ 56. Kh4 Qh2+ 57. Kg4 Ke7 58. h6 Qg1+ 59. Kh5 Qb1 60. Qf6+ Kd7 61. Qf7+ Kd6 62. h7 c5 63. bxc5+ Kc6 64. Kh6 e5 65. Qe6+ Kb5 66. Qb6+ Ka4 67. Qxb1 exd4 68. cxd4 c3 69. h8=Q c2 70. Qxc2+ Ka3 71. c6 Kb4 72. Qb8+ Ka3 73. Qbb3# 1-0


[Site "https://www.chess.com"]

[Event "Titled Tuesday Blitz March 07 Early 2023"]
[White "Mahdavi, Reza"]
[Black "Sokac, Marko"]
[WhiteFideId "12595926"]
[BlackFideId "14531356"]
[WhiteElo "2208"]
[BlackElo "2355"]
[Result "1-0"]
[Round "07"]
[TimeControl "180+2"]
[Date "2023.03.07"]
[WhiteClock "0:01:42"]
[BlackClock "0:00:01"]

1. Nf3 e6 2. g3 g5 3. d4 g4 4. Ne5 h5 5. c4 Bg7 6. Nc3 d6 7. Nd3 Bxd4 8. h3 c5 9. hxg4 hxg4 10. Rxh8 Bxh8 11. Ne4 f5 12. Nc3 Nc6 13. Bg2 a6 14. Be3 Bd7 15. Qd2 Qe7 16. O-O-O O-O-O 17. Nf4 Be5 18. Ng6 Qf7 19. Nxe5 dxe5 20. Bxc5 Be8 21. Bd6 e4 22. Na4 b5 23. cxb5 axb5 24. Nc5 e5 25. Kb1 Nf6 26. Nb3 Qa7 27. e3 Bf7 28. Bf1 Bxb3 29. axb3 Qb6 30. Qc2 Kb7 31. b4 Qa6 32. Bc5 Rxd1+ 33. Qxd1 Qa4 34. Qd6 Qb3 35. Bxb5 Nd4 36. Ba6+ Ka8 37. Qd8# 1-0


[Site "https://www.chess.com"]

[Event "Titled Tuesday Blitz March 07 Early 2023"]
[White "Santos Flores, Alberto"]
[Black "Cherniaiev, Tykhon"]
[WhiteFideId "3601234"]
[BlackFideId "14182360"]
[WhiteElo "2235"]
[BlackElo "2450"]
[Result "0-1"]
[Round "07"]
[TimeControl "180+2"]
[Date "2023.03.07"]
[WhiteClock "0:00:22"]
[BlackClock "0:00:47"]

1. e4 e5 2. Nf3 Nc6 3. Bc4 Nf6 4. d3 Bc5 5. c3 O-O 6. O-O d5 7. exd5 Nxd5 8. Re1 Bg4 9. Bb3 Re8 10. d4 Bb6 11. dxe5 Bxf3 12. Qxf3 Nxe5 13. Qd1 Bxf2+ 14. Kxf2 Qh4+ 15. Kf1 Ng4 16. Qd2 Nxh2+ 0-1


[Site "https://www.chess.com"]